 Dungeon Crawl Stone Soup version 0.16.2-12-gd0ad4c3 (webtiles) character file.

824455 Ijustatesigmund the Imperceptible (level 27, 0/327 (328) HPs)
             Began as a Naga Wizard on Oct 15, 2015.
             Was the Champion of Cheibriados.
             Slain by a reaper
             ... wielding a +0 scythe of slicing
              (7 damage)
             ... on level 10 of a ziggurat on Oct 19, 2015.
             The game lasted 12:11:17 (99026 turns).

Ijustatesigmund the Imperceptible (Naga Wizard)    Turns: 99026, Time: 12:11:17

HP:   0/327 (328)   AC: 37    Str: 35    XL:     27
MP:   1/45          EV: 26    Int: 43    God:    Cheibriados [******]
Gold: 5137          SH: 12    Dex: 29    Spells: 14 memorised, 1 level left

rFire  + + +     SeeInvis +     h - +9 demon blade (elec)
rCold  x . .     Clarity  .     z - melded +3 troll leather armour "Noomuegh" {+Blink rPois rF+ MR+ Regen+ Dex-5}
rNeg   + + .     SustAb   .     L - +3 buckler {AC+3}
rPois  ∞         Gourm    .     s - +2 helmet of Hangman {rF+ rN+}
rElec  +         Spirit   .     k - +3 cloak of Flash {+Fly EV+4}
rCorr  .         Warding  .     l - melded +2 pair of fencer's gloves {EV+3 Dex+6 Slay+2}
rMut   +         Stasis   .     V - melded +2 naga barding "Cliedgho" {rC++ rN++ Int+2 Dex-4}
MR     ++...                    r - amulet "Qekhlisa" {rMut rF++ MR-}
Stlth  +++++++++.               H - ring "Schieryl" {+Fly rElec rC- Str+6 Dex+5 Slay+2}
                                O - ring of wizardry

@: statue-form, repel missiles, very slow, very resistant to hostile
enchantments, incredibly stealthy
A: spit poison, constrict 1, stinger 1, see invisible, blink 1, deformed body,
poison resistance, (slowness 0)
a: Spit Poison, End Transformation, Blink, Bend Time, Temporal Distortion,
Slouch, Step From Time, Renounce Religion, Evoke Flight
}: 4/15 runes: barnacled, slimy, silver, gossamer


You were on level 10 of a ziggurat.
You worshipped Cheibriados.
Cheibriados was exalted by your worship.
You were very full.
You were a stone statue.
You visited 13 branches of the dungeon, and saw 67 of its levels.
You visited the Abyss 1 time.
You visited 1 ziggurat, and saw 10 of its levels.
You also visited: Ice Cave.

You collected 9870 gold pieces.
You spent 4733 gold pieces at shops.

Inventory:

Hand weapons
 h - a +9 demon blade of electrocution (weapon)
Armour
 b - the +7 large shield of Churhudghu {Contam rF+ rC- Dex+3 Stlth+}
   (You acquired it on level 3 of the Elven Halls)

   It affects your dexterity (+3).
   It protects you from fire.
   It makes you vulnerable to cold.
   It causes magical contamination when unequipped.
   It makes you more stealthy.
 k - the +3 cloak of Flash (worn) {+Fly EV+4}
   (You bought it in a shop on level 4 of the Orcish Mines)

   It affects your evasion (+4).
   It lets you fly.
 l - the +2 pair of fencer's gloves (melded) {EV+3 Dex+6 Slay+2}
   (You found it on level 4 of the Depths)

   It affects your evasion (+3).
   It affects your dexterity (+6).
   It affects your accuracy and damage with ranged weapons and melee attacks
   (+2).
 s - the +2 helmet of Hangman (worn) {rF+ rN+}
   (You bought it in a shop on level 1 of the Vaults)

   It protects you from fire.
   It protects you from negative energy.
 z - the +3 troll leather armour "Noomuegh" (melded) {+Blink rPois rF+ MR+ Regen+ Dex-5}
   (You found it on level 5 of the Vaults)

   It affects your dexterity (-5).
   It protects you from fire.
   It protects you from poison.
   It affects your resistance to hostile enchantments.
   It lets you blink.
   It increases your rate of regeneration.
 L - a +3 buckler of protection (worn)
 V - the +2 naga barding "Cliedgho" (melded) {rC++ rN++ Int+2 Dex-4}
   (You acquired it on level 1 of the Shoals)

   It affects your intelligence (+2).
   It affects your dexterity (-4).
   It greatly protects you from cold.
   It greatly protects you from negative energy.
Jewellery
 f - an uncursed amulet of resist corrosion
 m - an uncursed ring of teleportation
 r - the amulet "Qekhlisa" (around neck) {rMut rF++ MR-}
   (You found it on level 5 of the Depths)

   [amulet of resist mutation]

   It protects you from mutation.
   It greatly protects you from fire.
   It affects your resistance to hostile enchantments.
 D - an uncursed ring of protection from cold
 H - the ring "Schieryl" (right hand) {+Fly rElec rC- Str+6 Dex+5 Slay+2}
   (You bought it in a shop on level 2 of the Vaults)

   [ring of slaying]

   It affects your strength (+6).
   It affects your dexterity (+5).
   It affects your accuracy and damage with ranged weapons and melee attacks
   (+2).
   It makes you vulnerable to cold.
   It insulates you from electricity.
   It lets you fly.
 J - an uncursed ring of sustain abilities
 O - a ring of wizardry (left hand)
 X - a cursed ring of wizardry
Magical devices
 e - a wand of disintegration (9)
 A - a wand of heal wounds (5)
 B - a wand of fire (9)
 N - a wand of teleportation (3)
 P - a wand of digging (14)
 Y - a wand of fireball (3)
Scrolls
 a - a scroll of summoning
 c - 9 scrolls of silence
 j - 21 scrolls of remove curse
 n - 3 scrolls of teleportation
 p - 4 scrolls of identify
 t - 4 scrolls of magic mapping
 v - 5 scrolls of immolation
 w - 5 scrolls of blinking
 x - a scroll of amnesia
 I - 3 scrolls of enchant weapon
 T - 5 scrolls of fear
 U - a scroll of holy word
 W - 8 scrolls of fog
Potions
 g - 2 potions of resistance
 o - 2 potions of cancellation
 q - 6 potions of restore abilities
 u - 3 potions of might
 C - 3 potions of invisibility
 F - 5 potions of curing
 M - 6 potions of heal wounds
 R - 5 potions of brilliance
 S - 5 potions of cure mutation
 Z - 3 potions of agility
Books
 K - Cackuucs' Reference Book on Necromancy
   (You found it on level 9 of a ziggurat)

   Spells                             Type                      Level
   a - Pain                           Necromancy                   1
   b - Corpse Rot                     Necromancy                   2
   c - Control Undead                 Necromancy                   4
   d - Cigotuvi's Embrace             Necromancy                   5
   e - Dispel Undead                  Necromancy                   5
Miscellaneous
 y - a crystal ball of energy
 Q - 6 phantom mirrors
Comestibles
 d - 20 bread rations
 i - 20 meat rations
 E - 2 royal jellies
 G - a slice of pizza


   Skills:
 - Level 16.2 Fighting
   Level 4.5(11.8) Short Blades
 - Level 16.3(16.5) Long Blades
 - Level 9.2 Armour
 - Level 10.8 Dodging
 - Level 23.0 Stealth
 + Level 12.9 Shields
 - Level 9.1 Unarmed Combat
 - Level 17.4 Spellcasting
 - Level 20.8 Conjurations
   Level 1.0 Summonings
 - Level 1.0 Translocations
 - Level 10.6 Transmutations
 - Level 20.4 Fire Magic
 - Level 20.5 Ice Magic
 - Level 10.3 Air Magic
 - Level 10.0 Earth Magic
 - Level 5.0 Poison Magic
 - Level 14.0 Invocations
 - Level 12.0 Evocations


You had one spell level left.
You knew the following spells:

 Your Spells              Type           Power        Failure   Level  Hunger
a - Magic Dart            Conj           ####         0%          1    None
b - Blink                 Tloc           N/A          1%          2    None
c - Mephitic Cloud        Conj/Pois/Air  #######.     0%          3    None
d - Repel Missiles        Chrm/Air       ######       1%          2    None
e - Stoneskin             Trmt/Erth      #######.     0%          2    None
f - Lehudib's Crystal Sp  Conj/Erth      ########..   4%          8    ###....
g - Irradiate             Conj/Trmt      ########..   1%          5    None
h - Statue Form           Trmt/Erth      #######..    1%          6    None
i - Iskenderun's Battles  Conj/Chrm      #######.     1%          5    None
j - Passwall              Trmt/Erth      #######...   1%          3    None
k - Glaciate              Conj/Ice       ########..   4%          9    #####..
l - Stone Arrow           Conj/Erth      ######       0%          3    None
n - Beastly Appendage     Trmt           ######       0%          1    None
o - Fire Storm            Conj/Fire      ########..   6%          9    #####..


Dungeon Overview and Level Annotations

Branches:
Dungeon (15/15)            Temple (1/1) D:4            Lair (8/8) D:8
 Shoals (5/5) Lair:4       Spider (5/5) Lair:6        Slime (6/6) Lair:6
    Orc (4/4) D:12            Elf (3/3) Orc:3        Vaults (5/5) D:14
  Crypt (3/3) Vaults:3       Tomb (2/3) Crypt:3      Depths (5/5) D:15
    Zot (5/5) Depths:5

Altars:
Ashenzari
Cheibriados
Dithmenos
Elyvilon
Kikubaaqudgha
Makhleb
Nemelex Xobeh
Okawaru
Qazlal
Ru
Sif Muna
Trog
Vehumet
Yredelemnul
Zin
The Shining One
Beogh
Jiyva

Shops:
D:4 *   D:8 [   D:11 =   Orc:2 ?   Orc:4 ([!}?   Elf:2 !   Shoals:2 (
Vaults:1 [   Vaults:2 *   Vaults:4 =*   Vaults:5 *%

Portals:
Hell: Depths:1 Depths:2 Depths:3 Depths:4 Depths:5
Abyss: Depths:1 Depths:4
Pandemonium: Depths:1 Depths:3 Depths:5

Annotations:
D:4 exclusion: upstairs
Depths:5 2 runed doors


Innate Abilities, Weirdness & Mutations

You cannot wear boots.
You can spit poison.
You can use your snake-like lower body to constrict enemies.
((Your serpentine skin is tough (AC +9).))
You have supernaturally acute eyesight.
Armour fits poorly on your strangely shaped body.
Your system is resistant to poisons.
((You cover ground very slowly.))
Your tail ends in a poisonous barb.
You can translocate small distances at will.


Message History

The Executioner hits you but does no damage.
The Executioner closely misses you. The Executioner hits you!
* * * LOW HITPOINT WARNING * * *
The Executioner barely misses you. You block the Executioner's attack.
The Executioner hits you.
* * * LOW HITPOINT WARNING * * *
The Executioner completely misses you. You block the Executioner's attack.
You block the Executioner's attack.
The Executioner hits you but does no damage. x2
The gelid warmonger utters an invocation to its god.
The gelid warmonger calls forth a grand avatar!
The Brimstone Fiend calls on the powers of darkness!
The gelid warmonger convulses!
Your body is wracked with pain!
* * * LOW HITPOINT WARNING * * *
The Executioner hits you!!
* * * LOW HITPOINT WARNING * * *
The Executioner hits you but does no damage. x2
The reaper hits you from afar with a scythe of slicing!!
* * * LOW HITPOINT WARNING * * *
You die...

...............▓
(}?§.§..#.........▓
>$§§8§..###.......∩▓
∩§8§§.§§§#.........▓
▓[!$R1§§§§§§........▓
...6§.§.§..........▓
...§2§§...........▓
▓§§.......▓▓▓▓▓▓
▓81.......▓
▓.........▓
▓▓▓▓▓▓▓▓▓▓▓


You could see a gelid warmonger, a Brimstone Fiend, a reaper and an Executioner.

Vanquished Creatures
  the royal jelly (Slime:6)
  6 orbs of fire
  10 ancient liches
  The ghost of hannobal the Phalangite, an awesomely powerful FoFi of Fedhas (Slime:4)
  19 greater mummies
  Sojobo (Depths:2)
  Margery (Vaults:2)
  A caustic shrike (Depths:2)
  Norris (Shoals:2)
  Saint Roka (Crypt:2)
  2 curse toes
  A shard shrike (Zot:2)
  Mara (Spider:3)
  3 Killer Klowns
  19 golden dragons
  Jory (Crypt:2)
  Frederick (Vaults:2)
  4 bone dragons
  the Enchantress (Depths:1)
  5 pandemonium lords
  Arachne (Spider:4)
  2 Brimstone Fiends (Zig:8)
  2 electric golems (Zot:5)
  25 Orb Guardians (Zot:5)
  A Hell Sentinel (Zig:10)
  An Ice Fiend (Zig:8)
  21 tentacled monstrosities
  A hellephant (Zot:2)
  2 titans
  A quicksilver dragon (Depths:4)
  A Shadow Fiend (Zig:10)
  9 liches
  2 deep elf master archers (Elf:3)
  3 deep elf blademasters
  20 acid blobs
  Polyphemus (Shoals:4)
  9 sphinxes
  2 tentacled starspawn (Abyss:1)
  4 octopode crushers
  An eldritch tentacle (Zig:8)
  Rupert (Lair:7)
  Agnes (Elf:2)
  3 ancient champions
  The ghost of Juudaz the Severer, a mighty MiFi of Okawaru (Elf:3)
  7 storm dragons
  2 draconian monks (Zot:1)
  An Executioner (Zig:10)
  4 shadow dragons
  7 tengu reavers
  11 azure jellies
  2 revenants
  An azure jelly (shapeshifter) (Vaults:5)
  Ilsuiw (Shoals:4)
  A corrupter (Zig:8)
  6 frost giants
  4 fire giants
  A daeva (Abyss:1)
  15 vault wardens
  Donald (Crypt:2)
  3 greater nagas
  Maud (Lair:3)
  4 balrugs
  20 emperor scorpions
  7 draconian knights
  7 ghost moths
  4 iron dragons
  5 draconian scorchers
  A cacodemon (Zig:9)
  Louise (Elf:2)
  8 deep elf sorcerers
  2 curse skulls
  An orc warlord (Orc:4)
  5 draconian zealots
  7 ghouls
  18 ironheart preservers
  Jorgrun (Shoals:5)
  10 reapers
  4 spriggan defenders
  35 stone giants
  7 draconian annihilators
  4 draconian shifters
  11 very ugly things
  7 war gargoyles
  3 draconian callers
  7 green draconians
  9 grey draconians
  2 chaos champions (Zig:9)
  A blood saint (Zig:6)
  6 vampire knights
  3 black draconians
  10 red draconians
  6 deep elf demonologists
  13 deep elf annihilators
  7 purple draconians
  9 yellow draconians
  A spectral titan (Crypt:2)
  4 eidola
  4 dire elephants
  11 mottled draconians
  4 bennus
  7 pale draconians
  A black sun (Zig:8)
  13 white draconians
  A blizzard demon (Zig:10)
  8 crystal guardians
  Snorg (Lair:5)
  An unborn (Tomb:1)
  The ghost of Scuka the Bludgeoner, a powerful GrFi of Okawaru (IceCv)
  17 jiangshi
  8 merfolk javelineers
  22 mummy priests
  14 ettins
  8 deep elf death magi
  3 minotaurs (Depths:5)
  19 fire dragons
  23 yaktaur captains
  5 death oozes (Slime:6)
  6 deep elf high priests
  A green death (Zig:10)
  2 quicksilver dragon zombies (Crypt:2)
  Josephine (D:13)
  12 merfolk impalers
  28 vault guards
  Fannar (D:13)
  22 ice dragons
  2 naga warriors
  3 hell beasts
  7 death cobs
  An anaconda (Zig:1)
  3 spriggan air magi
  14 great orbs of eyes
  12 hydras
  7 rakshasas
  7 merfolk avatars
  2 catoblepae
  Erica (Lair:8)
  5 merfolk aquamancers
  21 deep troll earth magi
  18 dancing weapons
  19 deep troll shamans
  3 satyrs
  28 death yaks
  11 centaur warriors
  5 death knights
  2 tengu warriors
  A vampire mage (Crypt:1)
  19 ogre magi
  A hell hog (Zig:8)
  4 shock serpents
  A sun demon (Tomb:2)
  An orc high priest (Orc:4)
  10 soul eaters
  2 thrashing horrors (Abyss:1)
  18 hell knights
  8 spriggan berserkers
  Erolcha (D:10)
  A titan skeleton (Crypt:3)
  A salamander mystic (Depths:4)
  31 death scarabs
  A fire crab (Vaults:3)
  9 shadow wraiths
  48 skeletal warriors
  3 spatial maelstroms (Abyss:1)
  38 deep elf knights
  5 iron trolls
  A storm dragon skeleton (Crypt:3)
  A death drake (Zot:1)
  A death drake (shapeshifter) (Vaults:1)
  5 unseen horrors
  50 deep trolls
  2 golden dragon zombies
  A giant orange brain (shapeshifter) (Vaults:3)
  4 giant orange brains
  10 flayed ghosts
  12 hill giants
  2 ice devils
  A naga ritualist (Zig:6)
  2 ice statues (IceCv)
  A ghost moth zombie (Crypt:3)
  17 sea snakes
  The ghost of Ijustatesigmund the Covert, an experienced OpAs (D:5)
  11 deep elf summoners
  3 tengu zombies
  Pikel (D:9)
  25 anubis guards
  3 mana vipers
  A sphinx zombie (Vaults:4)
  18 harpies
  An anaconda skeleton (Tomb:2)
  28 ironbrand convokers
  An oklob plant (Depths:2)
  73 ugly things
  10 shining eyes
  A salamander (shapeshifter) (Vaults:4)
  11 fauns
  3 small abominations
  2 iron dragon zombies
  22 necromancers
  A wolf spider zombie (Crypt:3)
  A shadow dragon skeleton (Crypt:3)
  3 orc sorcerers
  An orb spider (shapeshifter) (Depths:3)
  16 orc knights
  32 wolf spiders
  2 stone giant zombies
  A wizard (Vaults:1)
  4 salamanders
  18 deep elf conjurers
  20 moths of wrath
  A frost giant zombie (Crypt:3)
  8 hornets
  14 manticores
  8 black mambas
  2 tengu skeletons
  237 slime creatures
  14 griffons
  19 phantasmal warriors
  9 cyclopes
  24 orb spiders
  A fire giant zombie (Crypt:3)
  9 sirens
  8 water nymphs
  3 stone giant skeletons
  8 elephants
  A fire giant skeleton (Vaults:2)
  3 rust devils
  Maurice (D:13)
  2 eyes of devastation (shapeshifter) (Depths:4)
  4 sixfirhies
  An octopode (shapeshifter) (Vaults:2)
  7 eyes of devastation
  26 vault sentinels
  7 torpor snails
  2 gargoyles (D:14)
  7 orange demons
  An orange crystal statue (Depths:1)
  2 kobold demonologists
  18 spiny frogs
  5 spectral swamp worms (Depths:1)
  86 yaktaurs
  3 death yak zombies (Depths:4)
  2 naga magi (Zig:7)
  3 dire elephant skeletons
  A yellow draconian zombie (Crypt:1)
  An efreet (D:14)
  A hellion (Zig:10)
  A komodo dragon (shapeshifter) (Vaults:2)
  3 smoke demons
  A tengu conjurer (Depths:5)
  15 freezing wraiths
  A spriggan druid (Lair:8)
  An anaconda simulacrum (Tomb:2)
  24 guardian mummies
  2 silent spectres (Crypt:1)
  A harpy zombie (Crypt:3)
  6 fire drakes
  9 human skeletons
  22 deep elf priests
  A grey draconian skeleton (Crypt:2)
  24 komodo dragons
  A tengu simulacrum (Vaults:1)
  2 yaktaur skeletons
  2 ancient zymes (Abyss:1)
  A ghost moth simulacrum (Tomb:1)
  A ghoul skeleton (Crypt:1)
  11 trolls
  6 demonic crawlers
  59 merfolk
  A hydra zombie (Crypt:3)
  A hellwing (Depths:5)
  9 wind drakes
  2 wind drakes (shapeshifter)
  2 red devils
  4 ravens
  Sonja (D:10)
  A queen bee (shapeshifter) (Vaults:1)
  4 blue devils (IceCv)
  A harpy skeleton (Tomb:2)
  A raven (shapeshifter) (Vaults:3)
  8 polar bears
  36 jumping spiders
  Prince Ribbit (D:7)
  2 raiju (Abyss:1)
  A two-headed ogre (shapeshifter) (Depths:4)
  A fire dragon zombie (Tomb:1)
  14 ushabtiu
  A bog body (Crypt:2)
  A merfolk (shapeshifter) (Vaults:5)
  3 ice dragon zombies
  24 two-headed ogres
  A boulder beetle (shapeshifter) (Depths:4)
  5 human simulacra
  An ettin zombie (Depths:1)
  9 boulder beetles
  A deep troll zombie (Depths:1)
  26 blink frogs
  A basilisk (shapeshifter) (Elf:1)
  11 snapping turtles
  65 flying skulls
  17 trapdoor spiders
  An ice dragon skeleton (Depths:1)
  11 starcursed masses (Abyss:1)
  2 ettin skeletons
  A fire dragon skeleton (Crypt:3)
  A spriggan (shapeshifter) (Vaults:3)
  A ynoxinul (Abyss:1)
  9 shadows
  A spriggan skeleton (Depths:1)
  31 tarantellas
  A shock serpent simulacrum (Crypt:1)
  59 deep elf fighters
  25 wraiths
  An alligator skeleton (Tomb:1)
  15 spriggans
  5 basilisks
  34 deep elf magi
  4 wyverns
  2 elf zombies
  56 yaks
  51 redbacks
  A human (D:14)
  A hill giant skeleton (Crypt:2)
  19 vampire mosquitoes
  11 golden eyes
  A golden eye (shapeshifter) (Vaults:5)
  13 water elementals
  12 hippogriffs
  7 mottled dragons
  2 hippogriffs (shapeshifter)
  5 vampires
  10 wargs
  An elf skeleton (Depths:1)
  8 hungry ghosts
  3 hogs (D:14)
  33 wolves
  5 spatial vortices (Abyss:1)
  7 chaos spawn
  A neqoxec (Abyss:1)
  An emperor scorpion simulacrum (Crypt:3)
  Edmund (D:7)
  3 steam dragons
  The ghost of kraktruk the Conjurer, an average HECj (D:4)
  10 large abominations
  A naga (Zig:7)
  2 hydra simulacra (Zot:2)
  A merfolk skeleton (Crypt:2)
  32 spiders
  20 water moccasins
  41 orc warriors
  5 black bears
  A deep dwarf (shapeshifter) (Vaults:2)
  5 human zombies
  11 wasps
  An elephant zombie (Crypt:1)
  A deep troll skeleton (Vaults:2)
  An eye of draining (shapeshifter) (Depths:3)
  5 sky beasts
  4 slaves (D:9)
  11 porcupines
  27 ice beasts
  A swamp dragon zombie (Tomb:1)
  16 boggarts
  3 swamp drakes
  65 ogres
  A lindwurm zombie (Crypt:1)
  A phantom (D:7)
  A boggart (shapeshifter) (Depths:4)
  5 necrophages
  A fire dragon simulacrum (Crypt:3)
  An ettin simulacrum (Depths:1)
  3 eyes of draining
  17 crocodiles
  22 centaurs
  A snapping turtle skeleton (Crypt:3)
  7 big kobolds
  A crocodile (shapeshifter) (Depths:2)
  5 lost souls
  A yaktaur zombie (Vaults:5)
  A boring beetle (Lair:8)
  The ghost of Kharon the Magician, an average DEWz (D:3)
  A big kobold (shapeshifter) (Vaults:5)
  29 giant frogs
  9 killer bees
  A boulder beetle zombie (Vaults:3)
  A hippogriff skeleton (Crypt:1)
  7 scorpions
  31 wights
  33 jellies
  3 centaur zombies
  7 crimson imps
  10 electric eels
  2 goliath beetles
  4 quasits
  10 hounds
  3 draconian simulacra (IceCv)
  9 centaur skeletons
  39 orc priests
  A hound (shapeshifter) (Vaults:5)
  2 iron imps (Abyss:1)
  12 iguanas
  A two-headed ogre skeleton (Vaults:5)
  11 worker ants
  3 troll simulacra (IceCv)
  A hell rat (Elf:2)
  43 orc wizards
  34 sheep
  2 centaur simulacra (IceCv)
  2 hound zombies
  An ogre skeleton (Vaults:5)
  41 mummies
  2 necrophage skeletons (Crypt:3)
  A hound skeleton (D:8)
  17 gnolls
  28 adders
  2 ogre simulacra (IceCv)
  65 river rats
  A worker ant zombie (D:6)
  3 shadow imps
  4 white imps (Abyss:1)
  3 giant mites
  7 worms
  An ufetubus (Abyss:1)
  4 adder skeletons
  2 giant geckos
  265 orcs
  2 ball pythons
  21 bats
  3 bat skeletons
  7 giant cockroaches
  26 goblins
  27 hobgoblins
  14 jackals
  19 quokkas
  A ball python skeleton (D:5)
  A giant gecko skeleton (Crypt:2)
  9 giant newts
  3 giant spores
  A goblin zombie (Crypt:1)
  A jackal skeleton (D:4)
  27 kobolds
  An orc zombie (Vaults:3)
  A quokka skeleton (D:4)
  27 rats
  9 ballistomycetes
  6 blocks of ice
  A butterfly (Lair:6)
  8 crawling corpses
  3 fungi
  6 plants
4326 creatures vanquished.

Vanquished Creatures (collateral kills)
  A merfolk javelineer (Shoals:5)
  A cyclops (Shoals:5)
  A spider (Spider:5)
  2 killer bees
  A sheep (Lair:1)
6 creatures vanquished.

Vanquished Creatures (others)
  A sphinx (Tomb:1)
  A tengu reaver (Vaults:1)
  An ancient champion (Tomb:2)
  A fire giant (Depths:3)
  A white draconian (Zot:1)
  A wizard (Depths:1)
  A wolf spider (Spider:5)
  A rust devil (Depths:3)
  20 drowned souls
  A dire elephant skeleton (Tomb:2)
  13 fire vortices
  3 human skeletons (Vaults:5)
  6 flying skulls (Tomb:2)
  3 deep elf fighters
  An ogre (Vaults:2)
  A necrophage (Crypt:3)
  5 lost souls
  A centaur (D:6)
  2 human zombies
  A wight (Crypt:3)
  An electric eel (Lair:8)
  A tengu skeleton (Tomb:2)
  2 mummies (Tomb:2)
  An orc (D:10)
  2 giant spores (D:12)
  A ballistomycete (D:12)
  190 blocks of ice
  2 crawling corpses (Vaults:5)
  35 eldritch tentacle segments (Zig:8)
  64 fungi
  51 plants
  4 starspawn tentacles (Abyss:1)
  A starspawn tentacle segment (Abyss:1)
420 creatures vanquished.

Grand Total: 4752 creatures vanquished

Notes
Turn   | Place    | Note
--------------------------------------------------------------
     0 | D:1      | Ijustatesigmund, the Naga Wizard, began the quest for the Orb.
     0 | D:1      | Reached XP level 1. HP: 15/15 MP: 4/4
   291 | D:1      | Found a sparkling altar of Nemelex Xobeh.
   315 | D:1      | Reached XP level 2. HP: 14/22 MP: 6/6
   319 | D:1      | Learned a level 2 spell: Blink
   625 | D:1      | Reached skill level 4 in Stealth
   661 | D:1      | Reached skill level 1 in Short Blades
   806 | D:1      | Reached XP level 3. HP: 5/28 MP: 4/7
  1460 | D:2      | Reached XP level 4. HP: 25/36 MP: 9/9
  1468 | D:2      | Learned a level 3 spell: Mephitic Cloud
  1598 | D:2      | Found an iron altar of Okawaru.
  2005 | D:2      | Reached skill level 1 in Poison Magic
  2047 | D:2      | Reached skill level 5 in Stealth
  2485 | D:2      | Reached XP level 5. HP: 35/42 MP: 7/11
  2537 | D:2      | Reached skill level 1 in Air Magic
  2787 | D:3      | Found a basalt altar of Yredelemnul.
  2788 | D:3      | Found a glowing golden altar of the Shining One.
  2972 | D:3      | Found a sacrificial altar of Ru.
  2976 | D:3      | Found a burning altar of Makhleb.
  2989 | D:3      | Noticed Kharon's ghost (average DEWz)
  2998 | D:3      | Killed Kharon's ghost
  3050 | D:3      | Reached XP level 6. HP: 49/49 MP: 9/12
  3444 | D:3      | Noticed an ice beast
  3742 | D:4      | Gained mutation: You can translocate small distances at will. [potion of beneficial mutation]
  3819 | D:4      | Noticed an angel
  4290 | D:4      | Found a staircase to the Ecumenical Temple.
  4303 | Temple   | Entered the Ecumenical Temple
  4326 | Temple   | Became a worshipper of Cheibriados the Contemplative
  4400 | D:4      | Found Mnanudwa's Assorted Antiques.
  4417 | D:4      | Bought a fizzy green potion for 18 gold pieces
  4417 | D:4      | Bought a dented fluorescent amulet for 100 gold pieces
  4593 | D:4      | Learned a level 2 spell: Repel Missiles
  4663 | D:4      | Noticed a rust devil
  4696 | D:4      | Noticed kraktruk's ghost (average HECj)
  4700 | D:5      | Entered Level 5 of the Dungeon
  4771 | D:5      | Reached XP level 7. HP: 37/55 MP: 14/14
  4775 | D:5      | Acquired Cheibriados' first power
  4789 | D:5      | Noticed Ijustatesigmund's ghost (experienced OpAs)
  5142 | D:5      | Killed Ijustatesigmund's ghost
  5142 | D:5      | Reached skill level 5 in Conjurations
  5142 | D:5      | Reached XP level 8. HP: 40/62 MP: 2/16
  5541 | D:5      | Found a deep blue altar of Sif Muna.
  5820 | D:6      | Reached skill level 1 in Fighting
  5942 | D:6      | Found a basalt altar of Yredelemnul.
  6140 | D:6      | Found a stormy altar of Qazlal.
  6350 | D:7      | Noticed Edmund
  6361 | D:7      | Reached skill level 5 in Invocations
  6364 | D:7      | Killed Edmund
  6450 | D:7      | Reached skill level 6 in Invocations
  6450 | D:7      | Reached XP level 9. HP: 55/70 MP: 12/18
  6600 | D:7      | Reached skill level 7 in Invocations
  6699 | D:7      | Noticed Prince Ribbit
  6709 | D:7      | Reached skill level 1 in Evocations
  6763 | D:7      | Acquired Cheibriados' second power
  7064 | D:7      | Got a scorched falchion
  7065 | D:7      | Identified the +10 falchion "Fyiwaf" {venom, rF+} (You found it on level 7 of the Dungeon)
  7126 | D:7      | Reached skill level 1 in Long Blades
  7225 | D:7      | Killed Prince Ribbit
  7692 | D:4      | Acquired Cheibriados' third power
  7787 | D:4      | HP: 3/70 [kraktruk's ghost (6)]
  7788 | D:4      | Killed kraktruk's ghost
  7788 | D:4      | Reached skill level 8 in Stealth
  7792 | D:4      | HP: 3/70 [poisoned by a worker ant]
  8232 | D:3      | Killed an ice beast
  8483 | D:8      | Found Ytal's Antique Armour Shoppe.
  8583 | D:8      | Reached XP level 10. HP: 56/78 MP: 14/20
  8586 | D:8      | Reached skill level 9 in Stealth
  8602 | D:8      | Reached skill level 5 in Evocations
  9003 | D:8      | Noticed a hill giant
  9023 | D:8      | Killed a hill giant
  9023 | D:8      | Reached skill level 5 in Long Blades
  9406 | D:8      | Found a staircase to the Lair.
  9424 | D:8      | Learned a level 2 spell: Stoneskin
  9797 | D:8      | Acquired Cheibriados' fourth power
 10005 | D:9      | Noticed Pikel
 10053 | D:9      | Killed Pikel
 10109 | D:9      | Found a bloodstained altar of Trog.
 10115 | D:9      | Found a shadowy altar of Dithmenos.
 10822 | D:9      | Found an ancient bone altar of Kikubaaqudgha.
 10905 | D:10     | Entered Level 10 of the Dungeon
 10949 | D:10     | Noticed Erolcha
 10961 | D:10     | Killed Erolcha
 10961 | D:10     | Reached XP level 11. HP: 37/92 MP: 17/22
 11201 | D:10     | Noticed an unseen horror
 11223 | D:10     | Killed an unseen horror
 11223 | D:10     | Reached skill level 5 in Spellcasting
 11581 | D:10     | Reached skill level 5 in Dodging
 11865 | D:10     | Noticed a six-headed hydra
 12217 | D:4      | Bought a pitted leather armour for 140 gold pieces
 12217 | D:4      | Bought a long glass wand for 80 gold pieces
 12227 | D:4      | Identified the +0 leather armour of Keulytt {Regen+} (You bought it in a shop on level 4 of the Dungeon)
 12380 | D:11     | Learned a level 3 spell: Conjure Flame
 12505 | D:11     | Found Gajur's Jewellery Shoppe.
 12609 | D:11     | Noticed a hill giant
 12750 | D:12     | Noticed a hill giant
 12763 | D:12     | Killed a hill giant
 13299 | D:11     | Killed a hill giant
 13437 | D:10     | Found a glowing golden altar of the Shining One.
 13536 | D:10     | Reached XP level 12. HP: 99/99 MP: 21/25
 13543 | D:10     | Learned a level 5 spell: Irradiate
 13590 | D:10     | Killed an eight-headed hydra
 13590 | D:10     | Reached skill level 10 in Stealth
 13711 | D:10     | Noticed Sonja
 13717 | D:10     | Killed Sonja
 14072 | D:12     | Found a staircase to the Orcish Mines.
 14097 | Orc:1    | Entered Level 1 of the Orcish Mines
 14713 | Orc:1    | Reached skill level 11 in Stealth
 15425 | Orc:3    | Found a staircase to the Elven Halls.
 15940 | Orc:4    | Entered Level 4 of the Orcish Mines
 16063 | Orc:4    | Found a roughly hewn altar of Beogh.
 16249 | Orc:4    | Found Phaimenu's Gadget Emporium.
 16267 | Orc:4    | Found a roughly hewn altar of Beogh.
 16267 | Orc:4    | Found Deinolue's Distillery.
 16299 | Orc:4    | Bought 2 potions of degeneration for 28 gold pieces
 16784 | Orc:4    | Reached skill level 12 in Stealth
 16961 | Orc:4    | Noticed an orc warlord
 16969 | Orc:4    | Reached skill level 5 in Transmutations
 16972 | Orc:4    | Killed an orc warlord
 17372 | Orc:4    | Noticed an orc high priest
 17501 | Orc:4    | Found a roughly hewn altar of Beogh.
 17556 | Orc:4    | Found a roughly hewn altar of Beogh.
 17630 | Orc:4    | Found a roughly hewn altar of Beogh.
 17630 | Orc:4    | Found Wacasch's Antique Armour Boutique.
 17640 | Orc:4    | Found Nack's Antique Weapon Shop.
 17763 | Orc:4    | Found a roughly hewn altar of Beogh.
 17767 | Orc:4    | Found Sibbitamnai's Magic Scroll Shop.
 17767 | Orc:4    | Noticed an orc high priest
 17784 | Orc:4    | Killed an orc high priest
 17979 | Orc:4    | Reached skill level 13 in Stealth
 18094 | Elf:1    | Entered Level 1 of the Elven Halls
 18205 | Orc:4    | Bought the +3 cloak of Flash {+Fly EV+4} for 1362 gold pieces
 18315 | Orc:2    | Found Kiser's Magic Scroll Shop.
 18592 | Orc:2    | Bought a scroll of identify for 20 gold pieces
 18592 | Orc:2    | Bought a scroll of teleportation for 30 gold pieces
 18592 | Orc:2    | Bought a scroll of identify for 20 gold pieces
 18689 | D:12     | Reached XP level 13. HP: 72/105 MP: 21/27
 18697 | D:12     | Learned a level 6 spell: Statue Form
 18739 | D:12     | Found a stormy altar of Qazlal.
 18837 | D:12     | Reached skill level 1 in Unarmed Combat
 18837 | D:12     | Reached skill level 1 in Earth Magic
 18919 | D:12     | Noticed a hill giant
 18930 | D:12     | Killed a hill giant
 18955 | D:12     | Noticed a hill giant
 18981 | D:12     | Killed a hill giant
 19272 | D:13     | Noticed Josephine
 19434 | D:13     | Noticed Fannar
 19448 | D:13     | Killed Fannar
 19467 | D:13     | Noticed Maurice
 19482 | D:13     | Killed Josephine
 19487 | D:13     | Killed Maurice
 19602 | D:13     | Reached skill level 5 in Unarmed Combat
 19711 | D:12     | Reached skill level 5 in Earth Magic
 20517 | D:14     | Got an encrusted buckler
 20523 | D:14     | Identified the cursed -2 buckler of Leapfrog {+Blink +Fly MR+ Slay-6 Stlth+} (You found it on level 14 of the Dungeon)
 20581 | D:14     | Found a gate to the Vaults.
 21000 | D:14     | Reached XP level 14. HP: 114/114 MP: 26/27
 21341 | D:15     | Entered Level 15 of the Dungeon
 21420 | D:15     | Got an ichor-stained leather armour
 21459 | D:14     | Identified the +0 leather armour "Lyiquffuhawo" {rCorr} (You found it on level 15 of the Dungeon)
 21524 | D:15     | Reached skill level 5 in Fighting
 21664 | D:15     | Found a staircase to the Depths.
 21678 | Depths:1 | Entered Level 1 of the Depths
 23221 | Lair:1   | Entered Level 1 of the Lair of Beasts
 23534 | Lair:1   | Found an ancient bone altar of Kikubaaqudgha.
 24093 | Lair:1   | Reached skill level 10 in Transmutations
 24476 | Lair:2   | Found a frozen archway.
 24508 | IceCv    | Entered an ice cave
 24548 | IceCv    | Noticed Scuka's ghost (powerful GrFi)
 24564 | IceCv    | Killed Scuka's ghost
 24568 | IceCv    | Reached XP level 15. HP: 93/129 MP: 29/29
 26364 | Lair:3   | Noticed Maud
 26375 | Lair:3   | Killed Maud
 26375 | Lair:3   | Reached skill level 10 in Earth Magic
 26985 | Lair:4   | Reached skill level 1 in Armour
 26997 | Lair:4   | Found a staircase to the Shoals.
 27226 | Lair:4   | Learned a level 6 spell: Freezing Cloud
 27628 | Lair:5   | Reached skill level 1 in Ice Magic
 27770 | Lair:5   | Noticed Snorg
 27779 | Lair:5   | Killed Snorg
 29040 | Lair:6   | Found a staircase to the Slime Pits.
 29103 | Lair:6   | Found a hole to the Spider Nest.
 29308 | Lair:1   | Identified a +2 rod of the swarm (12/12) (You found it on level 2 of the Lair of Beasts)
 29830 | Lair:6   | Got an aquamarine-encrusted leather armour
 29959 | Lair:6   | Identified the +0 leather armour of Baldness {+Blink rN+ Dex+4} (You found it on level 6 of the Lair of Beasts)
 30042 | Lair:7   | Reached XP level 16. HP: 144/144 MP: 31/31
 30287 | Lair:7   | Noticed Rupert
 30305 | Lair:7   | Killed Rupert
 30305 | Lair:7   | Reached skill level 5 in Air Magic
 30630 | Lair:7   | Reached skill level 5 in Ice Magic
 30663 | Lair:8   | Entered Level 8 of the Lair of Beasts
 30920 | Lair:8   | Noticed Erica
 30926 | Lair:8   | Killed Erica
 32222 | Spider:1 | Entered Level 1 of the Spider Nest
 32289 | Spider:1 | Identified a scroll of acquirement
 32292 | Spider:1 | Got a steaming naga barding
 32303 | Spider:1 | Identified the +2 naga barding "Ohewulon" {Regen+ Str+2 Int-3 Dex+2 Slay+3} (You acquired it on level 1 of the Spider Nest)
 32515 | Slime:1  | Entered Level 1 of the Pits of Slime
 32515 | Slime:1  | Noticed an acid blob
 34194 | Orc:4    | Bought a brightly glowing ring mail for 270 gold pieces
 34213 | Orc:4    | Identified the +2 ring mail of a Thousand Runes {-Tele Int+7 SInv} (You bought it in a shop on level 4 of the Orcish Mines)
 34217 | Orc:4    | Bought a pair of runed gloves for 135 gold pieces
 34311 | Orc:4    | Bought a scroll of fog for 32 gold pieces
 34311 | Orc:4    | Bought a scroll of identify for 32 gold pieces
 34311 | Orc:4    | Bought a scroll of enchant armour for 120 gold pieces
 34311 | Orc:4    | Bought a scroll of identify for 32 gold pieces
 34311 | Orc:4    | Bought a scroll of blinking for 120 gold pieces
 34742 | Lair:1   | Reached XP level 17. HP: 151/151 MP: 32/32
 35848 | Spider:3 | Noticed Mara
 35872 | Spider:3 | Killed Mara
 36849 | Spider:4 | Noticed Arachne
 36861 | Spider:4 | Killed Arachne
 37135 | Spider:4 | Identified a +1 rod of destruction (11/11) (You found it on level 4 of the Spider Nest)
 37481 | Spider:5 | Entered Level 5 of the Spider Nest
 38536 | Spider:5 | Reached skill level 14 in Stealth
 38811 | Spider:5 | Reached XP level 18. HP: 151/159 MP: 1/32
 38816 | Spider:5 | Reached skill level 10 in Air Magic
 38839 | Spider:5 | Reached skill level 10 in Ice Magic
 39322 | Spider:5 | Got a gossamer rune of Zot
 39924 | Shoals:1 | Entered Level 1 of the Shoals
 39949 | Shoals:1 | Reached skill level 15 in Stealth
 39958 | Shoals:1 | Got a polished naga barding
 39969 | Shoals:1 | Identified the +2 naga barding "Cliedgho" {rC++ rN++ Int+2 Dex-4} (You acquired it on level 1 of the Shoals)
 40792 | Shoals:2 | Noticed Norris
 40856 | Shoals:2 | Killed Norris
 40967 | Shoals:2 | Found Xifem's Weapon Shop.
 41242 | Shoals:2 | Reached skill level 5 in Armour
 41814 | Shoals:3 | Reached skill level 10 in Conjurations
 42182 | Shoals:3 | Reached skill level 1 in Shields
 42544 | Shoals:4 | HP: 7/159 [merfolk/trident (9)]
 43034 | Shoals:4 | Noticed Ilsuiw
 43049 | Shoals:4 | Killed Ilsuiw
 43066 | Shoals:4 | Reached XP level 19. HP: 153/166 MP: 16/33
 43283 | Shoals:5 | Entered Level 5 of the Shoals
 43653 | Shoals:4 | Noticed Polyphemus
 43668 | Shoals:4 | Killed Polyphemus
 44166 | Shoals:5 | Reached skill level 10 in Long Blades
 44293 | Shoals:5 | Reached skill level 5 in Shields
 44485 | Shoals:5 | Noticed Jorgrun
 44681 | Shoals:5 | Killed Jorgrun
 44972 | Shoals:5 | Got a barnacled rune of Zot
 45529 | Lair:1   | Learned a level 3 spell: Passwall
 45774 | Vaults:1 | Entered Level 1 of the Vaults
 46747 | Vaults:1 | Reached skill level 10 in Spellcasting
 46751 | Vaults:1 | Reached XP level 20. HP: 96/174 MP: 36/36
 47097 | Vaults:1 | Found Mouciw's Armour Emporium.
 47103 | Vaults:1 | Bought the +2 helmet of Hangman {rF+ rN+} for 457 gold pieces
 47787 | Vaults:2 | Noticed Margery
 47817 | Vaults:2 | Killed Margery
 48026 | Vaults:2 | Found Jaofrel's Assorted Antiques.
 48039 | Vaults:2 | Bought a scorched golden ring for 135 gold pieces
 48042 | Vaults:2 | Identified the ring "Schieryl" {+Fly rElec rC- Str+6 Dex+5 Slay+2} (You bought it in a shop on level 2 of the Vaults)
 48412 | Vaults:2 | Noticed Frederick
 49988 | Orc:2    | Bought a scroll of recharging for 95 gold pieces
 49988 | Orc:2    | Bought 2 scrolls of recharging for 190 gold pieces
 49988 | Orc:2    | Bought a scroll of enchant armour for 75 gold pieces
 50273 | D:8      | Bought a shiny ring mail for 96 gold pieces
 50361 | Lair:1   | Learned a level 9 spell: Glaciate
 50365 | Lair:1   | Learned a level 3 spell: Stone Arrow
 50625 | Vaults:2 | Killed Frederick
 50636 | Vaults:2 | Reached XP level 21. HP: 167/181 MP: 28/39
 51829 | Vaults:3 | Found a staircase to the Crypt.
 53920 | Vaults:4 | Found Prahicw's Jewellery Boutique.
 54147 | Vaults:4 | Found Bliputad's Assorted Antiques.
 54154 | Vaults:4 | Bought a scroll of identify for 54 gold pieces
 54154 | Vaults:4 | Bought 2 potions of heal wounds for 270 gold pieces
 54529 | Vaults:4 | Reached XP level 22. HP: 189/189 MP: 32/40
 54806 | Vaults:4 | Found a glowing silver altar of Zin.
 55643 | Depths:1 | Found a one-way gate leading to the halls of Pandemonium.
 55660 | Depths:1 | Found a gateway to Hell.
 55940 | Depths:1 | Noticed a stone giant
 55953 | Depths:1 | Killed a stone giant
 56318 | Depths:1 | Found a runed door.
 56437 | Depths:1 | Found a one-way gate to the infinite horrors of the Abyss.
 57168 | Depths:1 | Noticed the Enchantress
 57168 | Depths:1 | Noticed a spriggan defender
 57171 | Depths:1 | Noticed a spriggan defender
 57172 | Depths:1 | Noticed a spriggan defender
 57176 | Depths:1 | Killed a spriggan defender
 57176 | Depths:1 | Killed a spriggan defender
 57176 | Depths:1 | Killed a spriggan defender
 57179 | Depths:1 | Killed the Enchantress
 57256 | Depths:1 | Got a faerie dragon armour
 57272 | Depths:1 | Identified the +5 faerie dragon armour {-Tele +Fly rPois Regen+} (You took it off the Enchantress on level 1 of the Depths)
 57387 | Depths:1 | Reached skill level 10 in Invocations
 57741 | Depths:1 | Got a scorched bone ring
 57743 | Depths:1 | Identified the ring "Dopiwyco" {+Inv rPois MR- Str+2 Dex+2} (You found it on level 1 of the Depths)
 57819 | Depths:1 | Got a twisted chain mail
 57820 | Depths:1 | Identified the +8 chain mail "Ebbeak" {rElec Stlth+} (You found it on level 1 of the Depths)
 57848 | Depths:1 | Got a twisted ring mail
 57854 | Depths:1 | Identified the +3 ring mail "Schaisaig" {MR+ SInv Stlth-} (You found it on level 1 of the Depths)
 57957 | Depths:2 | Noticed Sojobo
 58339 | Depths:1 | Paralysed by a great orb of eyes for 3 turns
 59047 | Depths:1 | Reached XP level 23. HP: 52/195 MP: 41/41
 59266 | Depths:1 | Learned a level 5 spell: Blade Hands
 59385 | Depths:2 | Killed Sojobo
 59803 | Depths:2 | Noticed a caustic shrike
 59814 | Depths:2 | Killed a caustic shrike
 59819 | Depths:2 | Reached skill level 15 in Conjurations
 60538 | Depths:2 | Reached skill level 15 in Ice Magic
 62011 | Depths:3 | Reached skill level 16 in Conjurations
 63325 | Depths:3 | Reached XP level 24. HP: 204/204 MP: 36/41
 63687 | Depths:3 | Found a gateway to a ziggurat.
 64103 | Depths:3 | Reached skill level 5 in Poison Magic
 64712 | Depths:4 | Reached skill level 17 in Conjurations
 66419 | Depths:4 | Identified a +4 rod of shadows (12/12) (You found it on level 4 of the Depths)
 66427 | Depths:4 | Noticed an ancient lich
 66442 | Depths:4 | Killed an ancient lich
 67103 | Depths:5 | Entered Level 5 of the Depths
 67121 | Depths:5 | Found a glowing golden altar of the Shining One.
 67249 | Depths:5 | Reached skill level 18 in Conjurations
 67819 | Lair:1   | Learned a level 1 spell: Beastly Appendage
 68222 | Vaults:5 | Entered Level 5 of the Vaults
 68225 | Vaults:5 | Reached XP level 25. HP: 211/211 MP: 16/41
 68630 | Vaults:5 | Reached skill level 19 in Conjurations
 69414 | Vaults:5 | Found Ghy Fryff's Food Shop.
 69443 | Vaults:5 | Bought 4 fruits for 78 gold pieces
 69478 | Vaults:5 | Noticed an ancient lich
 69490 | Vaults:5 | Killed an ancient lich
 70510 | Vaults:5 | Got a bloodstained troll leather armour
 70521 | Vaults:5 | Identified the +3 troll leather armour "Noomuegh" {+Blink rPois rF+ MR+ Regen+ Dex-5} (You found it on level 5 of the Vaults)
 70531 | Vaults:5 | Got a polished ring mail
 70542 | Vaults:5 | Identified the cursed -5 ring mail of the Thirteen Beggars {+Blink rF+ rC+ MR- Regen+} (You found it on level 5 of the Vaults)
 70644 | Vaults:5 | Got a silver rune of Zot
 70875 | Vaults:5 | Found Nyod's Assorted Antiques.
 71458 | Vaults:1 | Reached skill level 20 in Conjurations
 71477 | Vaults:1 | Reached XP level 26. HP: 220/220 MP: 42/42
 71661 | Depths:5 | Reached skill level 10 in Fighting
 72344 | Depths:5 | Found a runed door.
 72344 | Depths:5 | Found a runed door.
 72427 | Depths:5 | Found a runed door.
 72433 | Depths:5 | Found a runed door.
 72455 | Depths:5 | Found a gate to the Realm of Zot.
 72468 | Depths:5 | Found a runed door.
 72494 | Depths:5 | Got a scintillating iron amulet
 72495 | Depths:5 | Identified the amulet "Qekhlisa" {rMut rF++ MR-} (You found it on level 5 of the Depths)
 72561 | Depths:5 | Found a runed door.
 73265 | Zot:1    | Entered Level 1 of the Realm of Zot
 73569 | Zot:1    | You fall through a shaft!
 74318 | Zot:1    | Noticed an orb of fire
 74331 | Zot:1    | Killed an orb of fire
 74739 | Zot:2    | Reached XP level 27. HP: 112/236 MP: 7/42
 75950 | Zot:2    | Reached skill level 10 in Dodging
 76108 | Zot:3    | Reached skill level 10 in Evocations
 77761 | Zot:5    | Entered Level 5 of the Realm of Zot
 78253 | Zot:5    | Noticed an ancient lich
 78254 | Zot:5    | Noticed an ancient lich
 78254 | Zot:5    | Noticed an ancient lich
 78254 | Zot:5    | Noticed an orb of fire
 78255 | Zot:5    | Noticed an orb of fire
 78256 | Zot:5    | Noticed an ancient lich
 78257 | Zot:5    | Killed an ancient lich
 78259 | Zot:5    | Killed an ancient lich
 78261 | Zot:5    | Killed an ancient lich
 78261 | Zot:5    | Killed an ancient lich
 78263 | Zot:5    | Killed an orb of fire
 78263 | Zot:5    | Reached skill level 15 in Spellcasting
 78274 | Zot:5    | Noticed an orb of fire
 78277 | Zot:5    | Killed an orb of fire
 78409 | Zot:5    | Noticed an ancient lich
 78558 | Zot:5    | Noticed an orb of fire
 78563 | Zot:5    | Noticed an orb of fire
 78568 | Zot:5    | Killed an orb of fire
 78568 | Zot:5    | Killed an orb of fire
 78568 | Zot:5    | Killed an orb of fire
 78809 | Zot:5    | Killed an ancient lich
 79123 | Zot:5    | Noticed an ancient lich
 79124 | Zot:5    | Noticed an ancient lich
 79133 | Zot:5    | Killed an ancient lich
 79180 | Zot:5    | Killed an ancient lich
 79504 | Zot:5    | Reached skill level 15 in Fighting
 80186 | Crypt:1  | Entered Level 1 of the Crypt
 80568 | Crypt:1  | Got an ichor-stained shield
 80579 | Crypt:1  | Identified the cursed -3 shield of the Duke {rElec rPois rF++ rC- Int-2} (You found it on level 1 of the Crypt)
 80953 | Crypt:2  | Noticed Donald
 80954 | Crypt:2  | Killed Donald
 81027 | Crypt:2  | Reached skill level 15 in Long Blades
 81419 | Crypt:2  | Noticed Saint Roka
 81433 | Crypt:2  | Killed Saint Roka
 81813 | Crypt:2  | Noticed Jory
 81829 | Crypt:2  | Killed Jory
 82005 | Crypt:3  | Entered Level 3 of the Crypt
 82033 | Crypt:3  | Noticed an ancient lich
 82135 | Crypt:3  | Reached skill level 1 in Fire Magic
 82350 | Crypt:3  | Reached skill level 5 in Fire Magic
 82407 | Crypt:3  | Identified the Disquisition on Stolen Souls
 82482 | Crypt:3  | Found a glowing silver altar of Zin.
 82482 | Crypt:3  | Noticed an ancient lich
 82498 | Crypt:3  | Killed an ancient lich
 82644 | Crypt:3  | Got a diamond-encrusted ring mail
 82645 | Crypt:3  | Identified the +4 ring mail "Sil Ack" {-Cast Str+3 Int+3 SInv} (You found it on level 3 of the Crypt)
 82716 | Crypt:3  | Found a staircase to the Tomb.
 83416 | Tomb:1   | Entered Level 1 of the Tomb of the Ancients
 83515 | Tomb:1   | Reached skill level 10 in Fire Magic
 83520 | Tomb:1   | Paralysed by a sphinx for 7 turns
 86087 | Tomb:1   | Reached skill level 15 in Fire Magic
 88338 | Lair:1   | Learned a level 9 spell: Fire Storm
 88567 | Slime:1  | Killed an acid blob
 88691 | Slime:1  | Noticed an acid blob
 88697 | Slime:1  | Killed an acid blob
 90301 | Slime:3  | Found a viscous altar of Jiyva.
 90758 | Slime:4  | Noticed hannobal's ghost (awesomely powerful FoFi)
 90850 | Slime:4  | Killed hannobal's ghost
 91820 | Slime:6  | Entered Level 6 of the Pits of Slime
 92137 | Slime:6  | Noticed the royal jelly
 92141 | Slime:6  | Killed the royal jelly
 92611 | Slime:6  | Got a slimy rune of Zot
 94524 | Elf:2    | Reached skill level 21 in Stealth
 94533 | Elf:2    | Noticed Louise
 94541 | Elf:2    | Killed Louise
 94580 | Elf:2    | Found a huge runed gate.
 94581 | Elf:2    | Found a huge runed gate.
 94588 | Elf:2    | Found a huge runed gate.
 94640 | Elf:2    | Noticed Agnes
 94649 | Elf:2    | Killed Agnes
 94855 | Elf:2    | Cast into the Abyss (scimitar of distortion)
 94945 | Abyss:1  | Reached skill level 22 in Stealth
 95468 | Abyss:1  | Found a corrupted altar of Lugonu.
 95577 | Elf:2    | Escaped the Abyss
 95810 | Elf:2    | Found a burning altar of Makhleb.
 95982 | Elf:2    | Found Mila's Distillery.
 95997 | Elf:2    | Bought a potion of might for 48 gold pieces
 95997 | Elf:2    | Bought a potion of heal wounds for 60 gold pieces
 95997 | Elf:2    | Bought a potion of restore abilities for 60 gold pieces
 95997 | Elf:2    | Bought a potion of cancellation for 96 gold pieces
 95997 | Elf:2    | Bought a potion of heal wounds for 60 gold pieces
 95997 | Elf:2    | Bought a potion of beneficial mutation for 420 gold pieces
 95998 | Elf:2    | Gained mutation: Your tail ends in a poisonous barb. [potion of beneficial mutation]
 96005 | Elf:2    | Found a radiant altar of Vehumet.
 96424 | Elf:3    | Entered Level 3 of the Elven Halls
 96474 | Elf:3    | Noticed Juudaz's ghost (mighty MiFi)
 96504 | Elf:3    | Killed Juudaz's ghost
 96616 | Elf:3    | Reached skill level 23 in Stealth
 96972 | Elf:3    | Got a crude long sword
 96988 | Elf:3    | Identified the +7 long sword "Tetelo" {slice, +Inv Str+3} (You took it off a deep elf fighter on level 3 of the Elven Halls)
 97092 | Elf:3    | Got a smoking granite ring
 97095 | Elf:3    | Identified the Reference Book on Execration
 97117 | Elf:3    | Identified the cursed ring of Watziuxy {rN+ AC-2 Int+2 Dex+3} (You found it on level 3 of the Elven Halls)
 97147 | Elf:3    | Identified the Volume of Ashen Aid (You found it on level 3 of the Elven Halls)
 97155 | Elf:3    | Got a slimy large shield
 97166 | Elf:3    | Identified the +7 large shield of Churhudghu {Contam rF+ rC- Dex+3 Stlth+} (You acquired it on level 3 of the Elven Halls)
 97916 | Lair:1   | Learned a level 8 spell: Lehudib's Crystal Spear
 97922 | Lair:1   | Learned a level 5 spell: Iskenderun's Battlesphere
 98250 | Zig:1    | Entered Level 1 of a ziggurat
 98271 | Zig:2    | Entered Level 2 of a ziggurat
 98295 | Zig:3    | Entered Level 3 of a ziggurat
 98338 | Zig:4    | Entered Level 4 of a ziggurat
 98386 | Zig:5    | Entered Level 5 of a ziggurat
 98551 | Zig:5    | Identified the Compendium of Igneous Confrontation
 98554 | Zig:5    | Identified the Compendium of the Icy Traveller
 98561 | Zig:6    | Entered Level 6 of a ziggurat
 98598 | Zig:6    | Got a slimy chain mail
 98599 | Zig:6    | Identified the cursed -5 chain mail of the Journeyman {rElec rF+ MP+9} (You found it on level 6 of a ziggurat)
 98603 | Zig:7    | Entered Level 7 of a ziggurat
 98660 | Zig:7    | Reached skill level 10 in Shields
 98672 | Zig:8    | Entered Level 8 of a ziggurat
 98689 | Zig:8    | Noticed Fruuq the pandemonium lord
 98699 | Zig:8    | Killed Fruuq the pandemonium lord
 98840 | Zig:9    | Entered Level 9 of a ziggurat
 98843 | Zig:9    | Noticed Mabbi the pandemonium lord
 98844 | Zig:9    | Noticed Kyshrom the pandemonium lord
 98849 | Zig:9    | Noticed Teukewoime the pandemonium lord
 98853 | Zig:9    | Killed Kyshrom the pandemonium lord
 98858 | Zig:9    | Killed Teukewoime the pandemonium lord
 98863 | Zig:9    | Killed Mabbi the pandemonium lord
 98912 | Zig:9    | Identified Cackuucs' Reference Book on Necromancy
 98916 | Zig:9    | Got a sapphire rapier
 98917 | Zig:9    | Identified the +3 rapier "Hefapn" {pierce, rC- rN+ MR+ Str+8 Dex-5} (You found it on level 9 of a ziggurat)
 98920 | Zig:9    | Identified the Almanac of Attacks
 98997 | Zig:10   | Entered Level 10 of a ziggurat
 99012 | Zig:10   | Noticed Skuist the pandemonium lord
 99025 | Zig:10   | Killed Skuist the pandemonium lord
 99026 | Zig:10   | HP: 7/327 [reaper/scythe of slicing (30)]
 99026 | Zig:10   | Slain by a reaper

Action                   |  1- 3 |  4- 6 |  7- 9 | 10-12 | 13-15 | 16-18 | 19-21 | 22-24 | 25-27 || total
-------------------------+-------+-------+-------+-------+-------+-------+-------+-------+-------++-------
Melee: Unarmed           |    11 |       |       |       |   119 |   115 |   108 |   120 |    86 ||   559
       Dagger            |    58 |   185 |   147 |    12 |     1 |    25 |     5 |       |       ||   433
       Falchion          |       |       |    81 |   803 |  1114 |   961 |  1321 |   342 |       ||  4622
       Scimitar          |       |       |       |       |     6 |       |       |       |       ||     6
       Demon blade       |       |       |       |       |       |   164 |       |  1153 |  3392 ||  4709
Throw: Tomahawk          |       |       |       |       |     3 |       |       |       |       ||     3
 Cast: Magic Dart        |    21 |   113 |   119 |   394 |    66 |   418 |   305 |   147 |   349 ||  1932
       Mephitic Cloud    |       |     3 |    14 |    65 |    32 |    35 |    51 |    49 |    12 ||   261
       Repel Missiles    |       |     1 |       |     6 |     6 |     1 |     9 |     4 |    14 ||    41
       Stoneskin         |       |       |       |     3 |    11 |     7 |    13 |     5 |    29 ||    68
       Conjure Flame     |       |       |       |     1 |       |       |       |       |       ||     1
       Irradiate         |       |       |       |       |    13 |    17 |    12 |    10 |    17 ||    69
       Statue Form       |       |       |       |       |    14 |     7 |    10 |     9 |    27 ||    67
       Freezing Cloud    |       |       |       |       |       |    36 |    50 |    56 |     3 ||   145
       Stone Arrow       |       |       |       |       |       |       |     6 |    48 |    31 ||    85
       Blade Hands       |       |       |       |       |       |       |       |     1 |     3 ||     4
       Blink             |       |       |       |       |       |       |       |     1 |       ||     1
       Glaciate          |       |       |       |       |       |       |       |     2 |   186 ||   188
       Fire Storm        |       |       |       |       |       |       |       |       |     6 ||     6
       Lehudib's Crystal |       |       |       |       |       |       |       |       |     1 ||     1
Invok: Slouch            |       |       |     1 |     5 |     6 |    14 |     9 |     5 |    15 ||    55
       Step From Time    |       |       |       |       |       |       |     1 |     1 |       ||     2
       Temporal Distorti |       |       |       |       |       |       |     1 |       |       ||     1
 Abil: Spit Poison       |     7 |    11 |     6 |    12 |       |       |       |       |       ||    36
       Blink             |       |     1 |     1 |     8 |     5 |     4 |       |     4 |     2 ||    25
       End Transformatio |       |       |       |       |       |       |     1 |       |       ||     1
Evoke: Wand              |       |       |     5 |    13 |     8 |     4 |     4 |     3 |    33 ||    70
       Crystal ball of e |       |       |       |       |       |       |       |       |     1 ||     1
  Use: Scroll            |     5 |     7 |     9 |    12 |    16 |    21 |    19 |    17 |    56 ||   162
       Potion            |       |     1 |     1 |     1 |     2 |    14 |     5 |     7 |    27 ||    58
 Stab: Sleeping          |     5 |     4 |     8 |    33 |    69 |    40 |    14 |    11 |    41 ||   225
       Distracted        |       |     1 |     2 |     4 |    11 |     6 |     8 |     3 |    28 ||    63
       Confused          |       |       |     3 |    46 |    26 |    24 |    51 |    40 |     5 ||   195
       Fleeing           |       |       |       |       |       |     1 |       |       |       ||     1
       Held in net/web   |       |       |       |       |       |     2 |       |       |       ||     2
       Invisible         |       |       |       |       |       |       |       |       |     4 ||     4
  Eat: Chunk             |     2 |    11 |     3 |    15 |    13 |    18 |    13 |     2 |    25 ||   102
       Beef jerky        |       |     2 |       |     3 |     5 |       |       |       |     3 ||    13
       Pizza             |       |       |     2 |       |     7 |     1 |     1 |       |     5 ||    16
       Fruit             |       |       |     2 |       |     4 |    23 |    20 |    37 |    10 ||    96
       Bread ration      |       |       |       |     2 |       |       |       |       |    15 ||    17
       Royal jelly       |       |       |       |       |       |     2 |       |       |     5 ||     7
       Meat ration       |       |       |       |       |       |       |     1 |       |     6 ||     7
